 Dungeon Crawl Stone Soup version 0.23.0 (webtiles) character file.

Game seed: 837628454066613252

0 varaam the Magician (level 1, -1/13 HPs)
             Began as a Demonspawn Wizard on Feb 18, 2019.
             Slain by an ooze (2 damage)
             ... on level 2 of the Dungeon.
             The game lasted 00:01:00 (68 turns).

varaam the Magician (Demonspawn Wizard)               Turns: 68, Time: 00:01:01

Health: -1/13      AC:  2    Str:  7    XL:     1   Next: 8%
Magic:  2/4        EV: 12    Int: 19    God:
Gold:   0          SH:  0    Dex: 11    Spells: 5/6 levels left

rFire    . . .     SeeInvis .   (no weapon)
rCold    . . .     Gourm    .   (no shield)
rNeg     . . .     Faith    .   a - +0 robe
rPois    .         Spirit   .   b - +0 hat
rElec    .         Reflect  .   (no cloak)
rCorr    .         Harm     .   (no gloves)
MR       .....                  (no boots)
Stlth    ++........             (no amulet)
HPRegen  0.04/turn              (no ring)
MPRegen  0.09/turn              (no ring)

@: no status effects
A: no striking features
a: no special abilities


You were on level 2 of the Dungeon.
You were not hungry.

You visited 1 branch of the dungeon, and saw 2 of its levels.

Inventory:

Armour
 a - a +0 robe (worn)
 b - a +0 hat (worn)
Comestibles
 d - a ration


   Skills:
 - Level 1.7 Dodging
 - Level 1.7 Stealth
 + Level 3.0 Spellcasting
 * Level 1.0 Conjurations
   Level 1.0 Summonings
   Level 0.8 Translocations


You had 5 spell levels left.
You knew the following spells:

 Your Spells              Type           Power        Failure   Level  Hunger
a - Magic Dart            Conj           #...         10%         1    None

Your spell library contained the following spells:

 Spells                   Type           Power        Failure   Level  Hunger
 Blink                    Tloc           N/A          16%         2    ##.....
 Call Imp                 Summ           #.......     16%         2    ##.....
 Slow                     Hex            #.......     22%         2    ##.....
 Conjure Flame            Conj/Fire      #.......     36%         3    ###....
 Mephitic Cloud           Conj/Pois/Air  #.......     36%         3    ###....


Dungeon Overview and Level Annotations

Branches:
Dungeon (1/15)

Altars:


Message History

The magic dart hits the frilled lizard.
You kill the frilled lizard!
* * * LOW MAGIC WARNING * * *
You now have 0/4 mp.
You don't have enough magic to cast that spell.
A giant cockroach comes into view.
The ooze hits you.
* * * LOW HITPOINT WARNING * * *
You take 3 damage, and have 5/13 hp.
MASSIVE DAMAGE!!
The ooze hits you.
* * * LOW HITPOINT WARNING * * *
You take 4 damage, and have 1/13 hp.
MASSIVE DAMAGE!!
You see here a frilled lizard corpse.
You see here a falchion.
A quokka comes into view.
Aim: an ooze (severely wounded)
The magic dart hits the ooze.
The ooze hits you.
You die...

## ♣.P♣### ..PP.
........♣.♣...####..P..
........(...........P.
r....................
.(.........###.###..
..........###†#
##.##.#######).##..♣
##.....# #.........♣
#.#..#@######.........♣
........Js.............♣
.........##...#.....#..#
............?).....##.##
##....#..[..####...# .
#................... .
##........#####...##.#
##.................. ..
...........###.....#.


You could see an ooze, a quokka and a giant cockroach.

Levels and vault maps discovered:
D:1:      dpeg_cavernosity, layout_loops_ring
D:2:      layout_rooms, serial_forest, infiniplex_forest_end_1,
          infiniplex_forest_end_1, infiniplex_forest_clump_double,
          infiniplex_forest_clump_small, infiniplex_forest_clump_tiny,
          infiniplex_forest_corner_2, infiniplex_forest_end_2,
          infiniplex_forest_lined_2, uniq_jessica, uniq_natasha

Notes
Turn   | Place    | Note
-------+----------+-------------------------------------------
     0 | D:1      | varaam the Demonspawn Wizard began the quest for the Orb.
     0 | D:1      | Reached XP level 1. HP: 13/13 MP: 4/4
    26 | D:1      | You fall through a shaft!
    52 | D:2      | HP: 1/13 [ooze (4)]
    68 | D:2      | Slain by an ooze

Table legend:
 A = Turns spent in this place as a percentage of turns spent in the entire game.
 B = Non-inter-level travel turns spent in this place as a percentage of non-inter-level travel turns spent in the entire game.
 C = Inter-level travel turns spent in this place as a percentage of turns spent in this place.
 D = Turns resting spent in this place as a percentage of non-inter-level travel turns spent in this place.
 E = Turns spent auto-exploring this place as a percentage of non-inter-level travel turns spent in this place.
 F = Non-inter-level travel turns spent in this place divided by the number of levels of this place that you've seen.
                   A       B       C       D       E      F
               +-------+-------+-------+-------+-------+----------------------
         Total | 100.0 | 100.0 |   0.0 |   0.0 |  38.2 |  34.0
       Dungeon | 100.0 | 100.0 |   0.0 |   0.0 |  38.2 |  34.0
               +-------+-------+-------+-------+-------+----------------------

Table legend:
 A = Kills in this place as a percentage of kills in entire the game.
 B = Kills by you in this place as a percentage of kills by you in the entire game.
 C = Kills by friends in this place as a percentage of kills by friends in the entire game.
 D = Other kills in this place as a percentage of other kills in the entire game.
 E = Experience gained in this place as a percentage of experience gained in the entire game.
 F = Experience gained in this place divided by the number of levels of this place that you have seen.
                   A       B       C       D       E      F
               +-------+-------+-------+-------+-------+----------------------
         Total | 100.0 | 100.0 |   N/A |   N/A | 100.0 |   0.5
       Dungeon | 100.0 | 100.0 |   N/A |   N/A | 100.0 |   0.5
               +-------+-------+-------+-------+-------+----------------------

Action                   || total
-------------------------++-------
 Cast: Magic Dart        ||     5
Dodge: Dodged            ||     2

Vanquished Creatures
  A frilled lizard (D:2)
1 creature vanquished.
